[ PARTIDA AOE2 · #477852249 ]
Team RMMongoles vs Burgundians
[ ANÁLISIS DE REPETICIÓN · EXTRAÍDO DE LA PARTIDA GRABADA ]
Feudal
11:46
Castillos
19:05
Imperial
36:33
| APM promedio | 19.4 |
| APM pico | 44 |
| eAPM promedio | 18.0 |
| Aldeanos / militares | 184 / 515 |
Foco
⚔️ 52.7% · 🌾 47.3%
Steppe Lancer ×239 · Skirmisher ×108 · Spearman ×47 · Scout Cavalry ×42 · Scorpion ×19 · Mangudai ×18
Feudal
10:43
Castillos
19:02
Imperial
30:41
| APM promedio | 14.1 |
| APM pico | 36 |
| eAPM promedio | 10.6 |
| Aldeanos / militares | 98 / 498 |
Foco
⚔️ 48.1% · 🌾 51.9%
Hand Cannoneer ×231 · Genoese Crossbowman ×222 · Unknown (882) ×90 · Trade Cart ×54 · Bombard Cannon ×30 · Skirmisher ×11
Feudal
—
Castillos
—
Imperial
—
| APM promedio | 25.4 |
| APM pico | 96 |
| eAPM promedio | 20.7 |
| Aldeanos / militares | 158 / 583 |
Foco
⚔️ 60.1% · 🌾 39.9%
Spearman ×541 · Bombard Cannon ×33 · Trade Cart ×24 · Hussite Wagon ×7 · Monk ×2
Feudal
15:05
Castillos
19:47
Imperial
34:49
| APM promedio | 22.6 |
| APM pico | 58 |
| eAPM promedio | 15.0 |
| Aldeanos / militares | 181 / 764 |
Foco
⚔️ 35.4% · 🌾 64.6%
Spearman ×299 · Woad Raider ×262 · Mangonel ×102 · Scorpion ×70 · Trade Cart ×36 · Militia ×19
Feudal
13:54
Castillos
24:59
Imperial
31:03
| APM promedio | 13.9 |
| APM pico | 41 |
| eAPM promedio | 12.3 |
| Aldeanos / militares | 99 / 374 |
Foco
⚔️ 30.2% · 🌾 69.8%
Knight ×258 · Scout Cavalry ×96 · Trade Cart ×27 · Coustillier ×9 · Trebuchet (Packed) ×8 · Mangonel ×3
Feudal
13:23
Castillos
17:21
Imperial
32:56
| APM promedio | 17.1 |
| APM pico | 45 |
| eAPM promedio | 11.0 |
| Aldeanos / militares | 137 / 773 |
Foco
⚔️ 41.3% · 🌾 58.7%
Scorpion ×241 · Spearman ×154 · Knight ×141 · Scout Cavalry ×138 · Battle Elephant ×94 · Trade Cart ×48
Mapa de la partida
Recursos al inicio + cada clic de construcción. Línea gruesa = muro · recuadro discontinuo = muro de casas detectado. 🟡 oro · ⚪ piedra · 🟢 bayas · 🔶 jabalí · ⭕ reliquia
Inputs por minuto
— gastondalf - - Hazem
Build order — gastondalf
Primeras 150 de 922 acciones detectadas
| 0:03 | Investigar | Loom |
| 0:03 | Crear | Villager (Male) |
| 0:03 | Crear | Villager (Male) |
| 0:03 | Crear | Villager (Male) |
| 0:04 | Crear | Villager (Male) |
| 0:04 | Crear | Villager (Male) |
| 0:08 | Construir | House |
| 0:09 | Construir | House |
| 1:45 | Crear | Villager (Male) |
| 2:29 | Crear | Villager (Male) |
| 3:26 | Crear | Villager (Male) |
| 3:31 | Construir | Lumber Camp |
| 3:35 | Crear | Villager (Male) |
| 4:11 | Construir | House |
| 4:19 | Crear | Villager (Male) |
| 5:17 | Crear | Villager (Male) |
| 5:22 | Construir | Mill |
| 5:45 | Crear | Villager (Male) |
| 6:11 | Crear | Villager (Male) |
| 6:33 | Construir | Mining Camp |
| 6:41 | Crear | Villager (Male) |
| 7:07 | Crear | Villager (Male) |
| 7:13 | Construir | House |
| 7:31 | Crear | Villager (Male) |
| 7:43 | Construir | Mill |
| 8:19 | Crear | Villager (Male) |
| 8:43 | Crear | Villager (Male) |
| 9:11 | Crear | Villager (Male) |
| 9:16 | Construir | Mining Camp |
| 9:22 | Construir | House |
| 9:27 | Investigar | Feudal Age |
| 10:07 | Construir | Barracks |
| 11:46 | Edad | Edad Feudal |
| 11:48 | Crear | Villager (Male) |
| 11:58 | Investigar | Double-Bit Axe |
| 12:04 | Construir | Market |
| 12:18 | Crear | Villager (Male) |
| 12:41 | Construir | Blacksmith |
| 12:46 | Crear | Villager (Male) |
| 12:59 | Investigar | Horse Collar |
| 13:14 | Crear | Villager (Male) |
| 13:39 | Crear | Villager (Male) |
| 13:41 | Construir | Farm |
| 14:02 | Crear | Spearman |
| 14:14 | Construir | House |
| 14:25 | Construir | Stable |
| 14:30 | Crear | Spearman |
| 14:39 | Crear | Villager (Male) |
| 15:03 | Crear | Villager (Male) |
| 15:06 | Construir | Farm |
| 15:55 | Crear | Villager (Male) |
| 15:58 | Construir | Farm |
| 15:59 | Crear | Villager (Male) |
| 16:11 | Construir | House |
| 16:25 | Investigar | Castle Age |
| 16:27 | Construir | Farm |
| 16:57 | Construir | Stone Wall |
| 17:20 | Construir | Building 487 |
| 17:41 | Investigar | Stone Mining |
| 17:47 | Construir | Farm |
| 18:02 | Construir | Farm |
| 18:04 | Construir | Farm |
| 18:05 | Construir | Farm |
| 18:08 | Construir | Farm |
| 18:10 | Construir | Farm |
| 18:13 | Construir | Farm |
| 18:17 | Construir | Farm |
| 18:21 | Construir | Farm |
| 18:22 | Construir | Farm |
| 18:31 | Construir | Farm |
| 18:34 | Construir | Farm |
| 18:47 | Construir | Farm |
| 19:04 | Investigar | Wheelbarrow |
| 19:05 | Edad | Edad de los Castillos |
| 19:06 | Investigar | Town Watch |
| 19:13 | Investigar | Husbandry |
| 20:07 | Crear | Villager (Male) |
| 20:13 | Construir | Town Center |
| 20:27 | Investigar | Bloodlines |
| 20:30 | Crear | Steppe Lancer |
| 20:34 | Crear | Steppe Lancer |
| 21:19 | Investigar | Pikeman (upgrade) |
| 21:21 | Investigar | Squires |
| 21:29 | Construir | House |
| 21:32 | Construir | House |
| 21:41 | Crear | Villager (Male) |
| 21:45 | Crear | Trade Cart |
| 21:52 | Crear | Trade Cart |
| 22:05 | Crear | Villager (Male) |
| 22:09 | Construir | Farm |
| 22:15 | Crear | Villager (Male) |
| 22:20 | Crear | Villager (Male) |
| 23:17 | Construir | Siege Workshop |
| 23:18 | Construir | Stable |
| 23:26 | Investigar | Fletching |
| 23:28 | Investigar | Scale Barding Armor |
| 23:30 | Investigar | Forging |
| 23:32 | Crear | Villager (Male) |
| 23:35 | Crear | Villager (Male) |
| 23:37 | Crear | Trade Cart |
| 24:05 | Crear | Villager (Male) |
| 24:07 | Crear | Villager (Male) |
| 24:09 | Construir | Farm |
| 24:42 | Construir | Town Center |
| 24:54 | Construir | Farm |
| 24:55 | Crear | Villager (Male) |
| 25:01 | Investigar | Bodkin Arrow |
| 25:03 | Crear | Villager (Male) |
| 25:18 | Crear | Steppe Lancer |
| 25:37 | Crear | Steppe Lancer |
| 25:42 | Crear | Villager (Male) |
| 25:44 | Crear | Villager (Male) |
| 25:49 | Construir | Farm |
| 25:55 | Investigar | Heavy Plow |
| 25:58 | Construir | Farm |
| 25:59 | Crear | Villager (Male) |
| 26:17 | Crear | Steppe Lancer |
| 26:23 | Crear | Villager (Male) |
| 26:32 | Construir | Farm |
| 26:53 | Construir | Farm |
| 26:54 | Crear | Villager (Male) |
| 26:57 | Investigar | Hand Cart |
| 27:03 | Crear | Villager (Male) |
| 27:11 | Construir | Farm |
| 27:23 | Crear | Scorpion |
| 27:30 | Crear | Villager (Male) |
| 27:35 | Crear | Villager (Male) |
| 27:35 | Crear | Villager (Male) |
| 27:43 | Construir | Farm |
| 27:55 | Crear | Steppe Lancer |
| 28:09 | Construir | Farm |
| 28:11 | Crear | Villager (Male) |
| 28:21 | Construir | House |
| 28:41 | Construir | Farm |
| 29:05 | Crear | Trade Cart |
| 29:10 | Crear | Villager (Male) |
| 29:12 | Crear | Villager (Male) |
| 29:16 | Construir | Farm |
| 29:22 | Construir | Farm |
| 29:48 | Construir | Lumber Camp |
| 29:50 | Crear | Villager (Male) |
| 30:03 | Construir | Farm |
| 30:09 | Construir | House |
| 30:13 | Construir | Farm |
| 30:15 | Crear | Villager (Male) |
| 30:33 | Construir | Castle |
| 30:35 | Crear | Villager (Male) |
| 30:37 | Crear | Villager (Male) |
| 31:03 | Crear | Villager (Male) |
| 31:14 | Crear | Villager (Male) |
Build order — Hazem
Primeras 150 de 470 acciones detectadas
| 0:04 | Investigar | Loom |
| 0:04 | Crear | Villager (Male) |
| 0:05 | Crear | Villager (Male) |
| 0:05 | Crear | Villager (Male) |
| 0:05 | Crear | Villager (Male) |
| 0:05 | Crear | Villager (Male) |
| 0:16 | Construir | House |
| 0:17 | Construir | House |
| 0:19 | Construir | House |
| 0:20 | Construir | House |
| 1:53 | Construir | Mill |
| 1:59 | Crear | Villager (Male) |
| 1:59 | Crear | Villager (Male) |
| 2:43 | Crear | Villager (Male) |
| 2:43 | Crear | Villager (Male) |
| 2:44 | Crear | Villager (Male) |
| 3:30 | Crear | Villager (Male) |
| 3:30 | Crear | Villager (Male) |
| 3:31 | Crear | Villager (Male) |
| 4:14 | Crear | Villager (Male) |
| 4:15 | Crear | Villager (Male) |
| 4:15 | Crear | Villager (Male) |
| 4:52 | Crear | Villager (Male) |
| 4:52 | Crear | Villager (Male) |
| 4:52 | Crear | Villager (Male) |
| 4:53 | Crear | Villager (Male) |
| 6:16 | Crear | Villager (Male) |
| 6:16 | Crear | Villager (Male) |
| 6:17 | Crear | Villager (Male) |
| 6:17 | Crear | Villager (Male) |
| 6:17 | Crear | Villager (Male) |
| 7:14 | Crear | Villager (Male) |
| 7:14 | Crear | Villager (Male) |
| 7:18 | Construir | Lumber Camp |
| 7:28 | Crear | Villager (Male) |
| 8:14 | Investigar | Feudal Age |
| 8:20 | Crear | Villager (Male) |
| 8:20 | Crear | Villager (Male) |
| 8:21 | Crear | Villager (Male) |
| 8:22 | Crear | Villager (Male) |
| 8:22 | Crear | Villager (Male) |
| 10:43 | Edad | Edad Feudal |
| 10:47 | Investigar | Double-Bit Axe |
| 10:50 | Investigar | Horse Collar |
| 11:27 | Construir | House |
| 11:29 | Construir | House |
| 12:23 | Crear | Villager (Male) |
| 12:24 | Crear | Villager (Male) |
| 12:28 | Construir | Mining Camp |
| 13:34 | Crear | Villager (Male) |
| 14:04 | Construir | Mining Camp |
| 14:11 | Investigar | Gold Mining |
| 14:13 | Investigar | Stone Mining |
| 14:26 | Construir | Farm |
| 14:28 | Construir | Farm |
| 14:29 | Construir | Farm |
| 14:43 | Construir | Blacksmith |
| 15:07 | Construir | Barracks |
| 15:32 | Crear | Villager (Male) |
| 15:38 | Crear | Villager (Male) |
| 15:41 | Construir | Archery Range |
| 16:09 | Investigar | Castle Age |
| 16:18 | Construir | Farm |
| 16:20 | Construir | Farm |
| 16:22 | Construir | Farm |
| 16:25 | Construir | Farm |
| 16:26 | Construir | Farm |
| 16:27 | Construir | Farm |
| 16:29 | Construir | Farm |
| 16:31 | Construir | Farm |
| 16:52 | Crear | Skirmisher |
| 16:52 | Crear | Skirmisher |
| 17:07 | Construir | House |
| 17:10 | Construir | House |
| 17:21 | Investigar | Fletching |
| 17:21 | Investigar | Padded Archer Armor |
| 18:07 | Crear | Skirmisher |
| 18:08 | Crear | Skirmisher |
| 18:25 | Crear | Spearman |
| 18:26 | Crear | Spearman |
| 19:02 | Edad | Edad de los Castillos |
| 19:10 | Investigar | Wheelbarrow |
| 19:21 | Investigar | Elite Skirmisher (upgrade) |
| 19:44 | Construir | Town Center |
| 19:51 | Crear | Villager (Male) |
| 19:52 | Crear | Villager (Male) |
| 19:52 | Crear | Villager (Male) |
| 20:03 | Investigar | Bow Saw |
| 20:39 | Crear | Villager (Male) |
| 21:15 | Crear | Villager (Male) |
| 21:22 | Construir | Farm |
| 21:23 | Construir | Farm |
| 21:37 | Crear | Villager (Male) |
| 21:39 | Crear | Villager (Male) |
| 21:47 | Construir | Farm |
| 21:48 | Construir | Farm |
| 21:52 | Crear | Villager (Male) |
| 21:56 | Crear | Villager (Male) |
| 22:15 | Construir | Castle |
| 22:43 | Crear | Skirmisher |
| 22:43 | Crear | Skirmisher |
| 22:43 | Crear | Skirmisher |
| 23:16 | Construir | Farm |
| 23:19 | Investigar | Hand Cart |
| 24:03 | Crear | Spearman |
| 24:03 | Crear | Spearman |
| 24:17 | Crear | Skirmisher |
| 24:17 | Crear | Skirmisher |
| 24:18 | Crear | Skirmisher |
| 24:19 | Crear | Skirmisher |
| 24:28 | Investigar | Town Watch |
| 24:32 | Crear | Villager (Male) |
| 24:32 | Crear | Villager (Male) |
| 24:33 | Crear | Villager (Male) |
| 24:36 | Construir | Farm |
| 24:38 | Construir | Farm |
| 25:00 | Construir | Mining Camp |
| 25:12 | Construir | Stone Wall |
| 25:24 | Crear | Villager (Male) |
| 25:24 | Crear | Villager (Male) |
| 25:25 | Crear | Villager (Male) |
| 25:25 | Crear | Villager (Male) |
| 25:39 | Investigar | Heavy Plow |
| 26:10 | Construir | Stone Wall |
| 26:42 | Construir | Lumber Camp |
| 27:02 | Construir | Stone Wall |
| 27:19 | Crear | Genoese Crossbowman |
| 27:19 | Crear | Genoese Crossbowman |
| 27:19 | Crear | Genoese Crossbowman |
| 27:30 | Investigar | Imperial Age |
| 27:35 | Crear | Villager (Male) |
| 27:35 | Crear | Villager (Male) |
| 27:35 | Crear | Villager (Male) |
| 27:36 | Crear | Villager (Male) |
| 27:53 | Construir | Market |
| 28:11 | Construir | Building 487 |
| 28:17 | Investigar | Stone Shaft Mining |
| 28:34 | Crear | Villager (Male) |
| 28:34 | Crear | Villager (Male) |
| 28:34 | Crear | Villager (Male) |
| 28:34 | Crear | Villager (Male) |
| 28:52 | Investigar | Padded Archer Armor |
| 29:38 | Construir | Siege Workshop |
| 29:51 | Crear | Villager (Male) |
| 29:51 | Crear | Villager (Male) |
| 29:52 | Crear | Villager (Male) |
| 29:52 | Crear | Villager (Male) |
| 30:06 | Construir | Farm |
| 30:07 | Construir | Farm |
| 30:16 | Investigar | Bodkin Arrow |
Build order — YaSh the B3AST
Primeras 150 de 929 acciones detectadas
| 0:02 | Crear | Villager (Male) |
| 0:02 | Crear | Villager (Male) |
| 0:02 | Crear | Villager (Male) |
| 0:02 | Crear | Villager (Male) |
| 0:02 | Crear | Villager (Male) |
| 0:02 | Crear | Villager (Male) |
| 0:02 | Crear | Villager (Male) |
| 0:02 | Crear | Villager (Male) |
| 0:18 | Construir | House |
| 0:22 | Construir | House |
| 0:23 | Construir | House |
| 0:24 | Construir | House |
| 1:51 | Crear | Villager (Male) |
| 2:51 | Crear | Villager (Male) |
| 3:25 | Crear | Villager (Male) |
| 3:28 | Investigar | Loom |
| 3:42 | Construir | Lumber Camp |
| 3:45 | Crear | Villager (Male) |
| 4:26 | Crear | Villager (Male) |
| 4:26 | Crear | Villager (Male) |
| 4:26 | Crear | Villager (Male) |
| 4:26 | Crear | Villager (Male) |
| 4:26 | Crear | Villager (Male) |
| 4:26 | Crear | Villager (Male) |
| 4:26 | Crear | Villager (Male) |
| 5:05 | Crear | Villager (Male) |
| 5:06 | Crear | Villager (Male) |
| 6:11 | Crear | Villager (Male) |
| 7:08 | Crear | Villager (Male) |
| 7:09 | Crear | Villager (Male) |
| 7:09 | Crear | Villager (Male) |
| 7:10 | Crear | Villager (Male) |
| 7:11 | Crear | Villager (Male) |
| 8:32 | Construir | Mill |
| 9:19 | Investigar | Feudal Age |
| 9:39 | Construir | House |
| 9:40 | Construir | House |
| 9:41 | Construir | House |
| 9:42 | Construir | House |
| 9:52 | Construir | House |
| 10:05 | Construir | Mining Camp |
| 11:35 | Investigar | Wheelbarrow |
| 11:36 | Crear | Villager (Male) |
| 11:36 | Crear | Villager (Male) |
| 11:37 | Crear | Villager (Male) |
| 11:50 | Construir | Market |
| 12:16 | Construir | Farm |
| 12:16 | Construir | Farm |
| 12:17 | Construir | Farm |
| 12:17 | Construir | Farm |
| 12:38 | Construir | Farm |
| 12:38 | Construir | Farm |
| 12:39 | Construir | Farm |
| 12:40 | Construir | Farm |
| 12:44 | Construir | Farm |
| 13:19 | Investigar | Double-Bit Axe |
| 13:44 | Investigar | Horse Collar |
| 13:52 | Crear | Villager (Male) |
| 13:52 | Crear | Villager (Male) |
| 13:53 | Crear | Villager (Male) |
| 13:54 | Crear | Villager (Male) |
| 14:18 | Construir | Farm |
| 14:18 | Construir | Farm |
| 14:27 | Construir | Farm |
| 15:20 | Construir | Mining Camp |
| 15:39 | Crear | Villager (Male) |
| 15:39 | Crear | Villager (Male) |
| 15:47 | Construir | Farm |
| 15:48 | Construir | Farm |
| 16:41 | Construir | Blacksmith |
| 16:45 | Crear | Villager (Male) |
| 17:35 | Investigar | Castle Age |
| 17:55 | Construir | Barracks |
| 17:56 | Construir | Barracks |
| 19:28 | Construir | Barracks |
| 19:50 | Crear | Villager (Male) |
| 19:50 | Crear | Villager (Male) |
| 19:50 | Crear | Villager (Male) |
| 19:51 | Crear | Villager (Male) |
| 19:51 | Crear | Villager (Male) |
| 19:52 | Crear | Villager (Male) |
| 19:52 | Crear | Villager (Male) |
| 19:54 | Crear | Villager (Male) |
| 19:54 | Crear | Villager (Male) |
| 20:19 | Construir | Monastery |
| 20:29 | Crear | Villager (Male) |
| 20:29 | Crear | Villager (Male) |
| 20:29 | Crear | Villager (Male) |
| 20:33 | Investigar | Bow Saw |
| 20:46 | Crear | Monk |
| 20:46 | Crear | Monk |
| 21:56 | Crear | Villager (Male) |
| 21:56 | Crear | Villager (Male) |
| 22:16 | Construir | Town Center |
| 22:53 | Crear | Spearman |
| 22:53 | Investigar | Pikeman (upgrade) |
| 22:54 | Investigar | Squires |
| 22:55 | Crear | Spearman |
| 22:55 | Crear | Spearman |
| 23:04 | Crear | Villager (Male) |
| 23:04 | Crear | Villager (Male) |
| 23:07 | Investigar | Forging |
| 23:40 | Construir | Castle |
| 24:54 | Construir | Town Center |
| 25:01 | Construir | Farm |
| 25:02 | Construir | Farm |
| 25:02 | Construir | Farm |
| 25:52 | Construir | House |
| 25:55 | Construir | House |
| 25:56 | Construir | House |
| 26:01 | Investigar | Imperial Age |
| 26:27 | Investigar | Heavy Plow |
| 26:30 | Crear | Villager (Male) |
| 26:30 | Crear | Villager (Male) |
| 26:30 | Crear | Villager (Male) |
| 26:58 | Crear | Hussite Wagon |
| 26:58 | Crear | Hussite Wagon |
| 26:58 | Crear | Hussite Wagon |
| 27:10 | Crear | Spearman |
| 27:10 | Crear | Spearman |
| 27:11 | Crear | Spearman |
| 28:34 | Crear | Spearman |
| 28:35 | Crear | Spearman |
| 28:35 | Crear | Spearman |
| 28:35 | Crear | Spearman |
| 28:35 | Crear | Spearman |
| 28:36 | Crear | Spearman |
| 29:07 | Construir | Farm |
| 30:17 | Investigar | Hand Cart |
| 30:46 | Construir | University |
| 30:52 | Construir | House |
| 30:54 | Construir | House |
| 30:55 | Construir | House |
| 30:56 | Construir | House |
| 31:05 | Investigar | Arson |
| 31:06 | Investigar | Halberdier (upgrade) |
| 31:13 | Crear | Villager (Male) |
| 31:13 | Crear | Villager (Male) |
| 31:13 | Crear | Villager (Male) |
| 31:14 | Crear | Villager (Male) |
| 31:14 | Crear | Villager (Male) |
| 31:14 | Crear | Villager (Male) |
| 31:15 | Crear | Villager (Male) |
| 31:15 | Crear | Villager (Male) |
| 31:15 | Crear | Villager (Male) |
| 31:15 | Crear | Villager (Male) |
| 31:16 | Crear | Villager (Male) |
| 31:16 | Crear | Villager (Male) |
| 31:16 | Crear | Villager (Male) |
| 31:16 | Crear | Villager (Male) |
Build order — Fernando Rueda
Primeras 150 de 588 acciones detectadas
| 0:02 | Construir | House |
| 0:02 | Crear | Villager (Male) |
| 0:03 | Crear | Villager (Male) |
| 0:04 | Construir | House |
| 0:05 | Crear | Villager (Male) |
| 0:26 | Crear | Villager (Male) |
| 1:39 | Crear | Villager (Male) |
| 1:49 | Construir | Lumber Camp |
| 1:59 | Crear | Villager (Male) |
| 2:31 | Crear | Villager (Male) |
| 2:59 | Investigar | Loom |
| 3:26 | Crear | Villager (Male) |
| 3:50 | Crear | Villager (Male) |
| 4:09 | Construir | House |
| 4:16 | Crear | Villager (Male) |
| 4:24 | Construir | Mining Camp |
| 4:39 | Crear | Villager (Male) |
| 5:01 | Crear | Villager (Male) |
| 5:49 | Construir | Palisade Wall |
| 6:00 | Construir | Palisade Wall |
| 6:12 | Construir | Palisade Gate |
| 6:15 | Crear | Villager (Male) |
| 6:16 | Crear | Villager (Male) |
| 7:13 | Crear | Villager (Male) |
| 7:13 | Crear | Villager (Male) |
| 7:23 | Construir | House |
| 7:34 | Construir | Mill |
| 8:20 | Crear | Villager (Male) |
| 9:05 | Crear | Villager (Male) |
| 9:05 | Crear | Villager (Male) |
| 9:06 | Crear | Villager (Male) |
| 9:06 | Crear | Villager (Male) |
| 9:54 | Crear | Villager (Male) |
| 9:55 | Crear | Villager (Male) |
| 9:56 | Crear | Villager (Male) |
| 10:18 | Crear | Villager (Male) |
| 10:19 | Crear | Villager (Male) |
| 11:37 | Crear | Villager (Male) |
| 11:37 | Crear | Villager (Male) |
| 11:38 | Crear | Villager (Male) |
| 11:39 | Construir | House |
| 12:02 | Crear | Villager (Male) |
| 12:28 | Crear | Villager (Male) |
| 12:37 | Investigar | Feudal Age |
| 12:45 | Construir | Farm |
| 12:50 | Construir | Farm |
| 12:53 | Construir | Farm |
| 12:56 | Construir | Farm |
| 12:58 | Construir | Farm |
| 13:00 | Construir | Farm |
| 13:03 | Construir | Farm |
| 13:26 | Construir | Farm |
| 13:29 | Construir | Farm |
| 13:53 | Crear | Villager (Male) |
| 13:53 | Crear | Villager (Male) |
| 14:06 | Construir | Barracks |
| 14:07 | Crear | Villager (Male) |
| 14:09 | Crear | Villager (Male) |
| 14:17 | Crear | Villager (Male) |
| 14:24 | Construir | House |
| 14:38 | Construir | Farm |
| 15:05 | Edad | Edad Feudal |
| 15:20 | Construir | Market |
| 15:27 | Construir | Blacksmith |
| 15:33 | Construir | Farm |
| 15:35 | Construir | Farm |
| 15:43 | Construir | Farm |
| 15:56 | Construir | Farm |
| 16:08 | Construir | House |
| 16:17 | Crear | Villager (Male) |
| 16:18 | Crear | Villager (Male) |
| 16:19 | Crear | Villager (Male) |
| 16:25 | Crear | Villager (Male) |
| 16:57 | Construir | Farm |
| 17:04 | Construir | Mining Camp |
| 17:07 | Investigar | Castle Age |
| 17:24 | Construir | House |
| 17:45 | Investigar | Man-at-Arms (upgrade) |
| 17:47 | Crear | Villager (Male) |
| 18:01 | Investigar | Double-Bit Axe |
| 18:17 | Investigar | Horse Collar |
| 18:26 | Construir | House |
| 18:33 | Crear | Villager (Male) |
| 18:39 | Crear | Villager (Male) |
| 18:51 | Investigar | Stone Mining |
| 19:01 | Investigar | Gold Mining |
| 19:11 | Construir | Barracks |
| 19:15 | Crear | Villager (Male) |
| 19:28 | Crear | Villager (Male) |
| 19:39 | Crear | Villager (Male) |
| 19:47 | Edad | Edad de los Castillos |
| 20:09 | Construir | House |
| 20:21 | Construir | Town Center |
| 20:26 | Crear | Villager (Male) |
| 20:34 | Crear | Villager (Male) |
| 20:35 | Crear | Villager (Male) |
| 20:56 | Crear | Villager (Male) |
| 21:07 | Construir | Lumber Camp |
| 21:09 | Crear | Villager (Male) |
| 21:18 | Crear | Villager (Male) |
| 21:19 | Crear | Villager (Male) |
| 21:20 | Crear | Villager (Male) |
| 21:34 | Crear | Villager (Male) |
| 21:35 | Crear | Villager (Male) |
| 21:36 | Crear | Villager (Male) |
| 21:45 | Investigar | Bow Saw |
| 21:49 | Crear | Villager (Male) |
| 22:21 | Investigar | Long Swordsman (upgrade) |
| 22:25 | Crear | Militia ×4 |
| 22:33 | Crear | Villager (Male) |
| 22:36 | Construir | Farm |
| 23:07 | Crear | Villager (Male) |
| 23:08 | Crear | Villager (Male) |
| 23:08 | Crear | Villager (Male) |
| 23:28 | Crear | Villager (Male) |
| 23:29 | Crear | Villager (Male) |
| 23:34 | Construir | Farm |
| 23:37 | Construir | Farm |
| 23:38 | Crear | Villager (Male) |
| 23:47 | Crear | Villager (Male) |
| 24:09 | Crear | Villager (Male) |
| 24:09 | Crear | Villager (Male) |
| 24:09 | Crear | Villager (Male) |
| 24:27 | Construir | Town Center |
| 24:29 | Crear | Villager (Male) |
| 24:30 | Crear | Villager (Male) |
| 24:30 | Crear | Villager (Male) |
| 24:38 | Construir | Mining Camp |
| 24:41 | Crear | Villager (Male) |
| 24:41 | Crear | Villager (Male) |
| 24:54 | Investigar | Scale Mail Armor |
| 26:02 | Construir | Town Center |
| 26:14 | Crear | Villager (Male) |
| 26:14 | Crear | Villager (Male) |
| 26:14 | Crear | Villager (Male) |
| 26:15 | Crear | Villager (Male) |
| 26:15 | Crear | Villager (Male) |
| 26:15 | Crear | Villager (Male) |
| 26:23 | Crear | Villager (Male) |
| 26:24 | Crear | Villager (Male) |
| 26:24 | Crear | Villager (Male) |
| 26:24 | Crear | Villager (Male) |
| 26:25 | Crear | Villager (Male) |
| 26:57 | Construir | Siege Workshop |
| 27:10 | Crear | Militia ×5 |
| 27:10 | Crear | Militia ×5 |
| 27:49 | Crear | Militia ×4 |
| 28:21 | Construir | Siege Workshop |
| 28:29 | Crear | Militia |
| 28:47 | Crear | Villager (Male) |
Build order — joelviteladelacruz
Primeras 150 de 531 acciones detectadas
| 0:18 | Construir | House |
| 0:20 | Construir | House |
| 0:21 | Construir | House |
| 0:23 | Construir | House |
| 0:25 | Crear | Villager (Male) |
| 0:25 | Crear | Villager (Male) |
| 0:26 | Crear | Villager (Male) |
| 0:26 | Crear | Villager (Male) |
| 1:50 | Crear | Villager (Male) |
| 1:50 | Crear | Villager (Male) |
| 2:22 | Construir | Lumber Camp |
| 2:41 | Crear | Villager (Male) |
| 4:14 | Crear | Villager (Male) |
| 4:14 | Crear | Villager (Male) |
| 4:15 | Crear | Villager (Male) |
| 4:15 | Crear | Villager (Male) |
| 4:15 | Crear | Villager (Male) |
| 5:12 | Crear | Villager (Male) |
| 5:12 | Crear | Villager (Male) |
| 5:13 | Crear | Villager (Male) |
| 5:23 | Investigar | Double-Bit Axe |
| 5:26 | Investigar | Loom |
| 6:42 | Investigar | Wheelbarrow |
| 7:02 | Construir | Mill |
| 8:20 | Crear | Villager (Male) |
| 8:20 | Crear | Villager (Male) |
| 8:21 | Crear | Villager (Male) |
| 8:21 | Crear | Villager (Male) |
| 8:26 | Investigar | Horse Collar |
| 10:26 | Crear | Villager (Male) |
| 10:47 | Crear | Villager (Male) |
| 11:00 | Construir | House |
| 11:02 | Construir | House |
| 11:06 | Construir | House |
| 11:10 | Crear | Villager (Male) |
| 11:35 | Investigar | Feudal Age |
| 11:51 | Construir | House |
| 11:54 | Construir | House |
| 11:58 | Construir | House |
| 13:28 | Construir | Lumber Camp |
| 13:54 | Edad | Edad Feudal |
| 15:00 | Investigar | Hand Cart |
| 15:03 | Investigar | Heavy Plow |
| 15:06 | Investigar | Bow Saw |
| 16:04 | Crear | Villager (Male) |
| 16:04 | Crear | Villager (Male) |
| 16:04 | Crear | Villager (Male) |
| 16:04 | Crear | Villager (Male) |
| 16:04 | Crear | Villager (Male) |
| 16:05 | Crear | Villager (Male) |
| 16:05 | Crear | Villager (Male) |
| 16:43 | Construir | Mining Camp |
| 17:29 | Construir | Farm |
| 17:29 | Construir | Farm |
| 17:30 | Construir | Farm |
| 17:30 | Construir | Farm |
| 17:30 | Construir | Farm |
| 17:30 | Construir | Farm |
| 17:31 | Construir | Farm |
| 17:31 | Construir | Farm |
| 17:31 | Construir | Farm |
| 17:31 | Construir | Farm |
| 17:32 | Construir | Farm |
| 17:32 | Construir | Farm |
| 17:44 | Construir | Market |
| 17:52 | Construir | Blacksmith |
| 18:22 | Crear | Villager (Male) |
| 18:22 | Crear | Villager (Male) |
| 18:28 | Construir | Farm |
| 18:28 | Construir | Farm |
| 18:29 | Construir | Farm |
| 18:29 | Construir | Farm |
| 18:29 | Construir | Farm |
| 18:29 | Construir | Farm |
| 18:30 | Construir | Farm |
| 18:30 | Construir | Farm |
| 18:30 | Construir | Farm |
| 18:31 | Construir | Farm |
| 18:31 | Construir | Farm |
| 19:17 | Crear | Trade Cart |
| 19:18 | Crear | Trade Cart |
| 19:18 | Crear | Trade Cart |
| 19:18 | Crear | Trade Cart |
| 19:27 | Crear | Villager (Male) |
| 19:27 | Crear | Villager (Male) |
| 19:27 | Crear | Villager (Male) |
| 19:28 | Crear | Villager (Male) |
| 19:44 | Construir | House |
| 19:48 | Construir | House |
| 19:50 | Construir | House |
| 19:51 | Construir | House |
| 19:53 | Construir | House |
| 19:54 | Construir | House |
| 20:16 | Construir | Farm |
| 20:36 | Investigar | Gold Mining |
| 20:50 | Construir | Farm |
| 20:52 | Construir | Farm |
| 20:54 | Construir | Farm |
| 20:58 | Construir | Farm |
| 21:00 | Construir | Farm |
| 21:01 | Construir | Farm |
| 21:07 | Crear | Villager (Male) |
| 21:07 | Crear | Villager (Male) |
| 21:27 | Crear | Trade Cart |
| 21:41 | Crear | Trade Cart |
| 21:42 | Crear | Trade Cart |
| 22:08 | Crear | Villager (Male) |
| 22:09 | Crear | Villager (Male) |
| 22:19 | Investigar | Castle Age |
| 22:24 | Crear | Trade Cart |
| 22:24 | Crear | Trade Cart |
| 23:01 | Investigar | Gold Shaft Mining |
| 24:16 | Investigar | Stone Mining |
| 24:59 | Edad | Edad de los Castillos |
| 25:23 | Crear | Villager (Male) |
| 25:24 | Crear | Villager (Male) |
| 25:24 | Crear | Villager (Male) |
| 25:24 | Crear | Villager (Male) |
| 25:24 | Crear | Villager (Male) |
| 25:25 | Crear | Villager (Male) |
| 25:40 | Construir | University |
| 25:46 | Construir | Monastery |
| 25:50 | Investigar | Caravan |
| 26:04 | Investigar | Stone Shaft Mining |
| 26:39 | Investigar | Imperial Age |
| 27:13 | Crear | Trade Cart |
| 27:14 | Crear | Trade Cart |
| 27:38 | Crear | Trade Cart |
| 28:24 | Crear | Trade Cart |
| 28:24 | Crear | Trade Cart |
| 28:25 | Crear | Trade Cart |
| 28:28 | Investigar | Guilds |
| 28:28 | Investigar | Coinage |
| 29:03 | Construir | Lumber Camp |
| 29:41 | Investigar | Guilds |
| 29:42 | Investigar | Coinage |
| 30:03 | Construir | Town Center |
| 30:16 | Crear | Villager (Male) |
| 30:16 | Crear | Villager (Male) |
| 30:17 | Crear | Villager (Male) |
| 30:17 | Crear | Villager (Male) |
| 30:17 | Crear | Villager (Male) |
| 30:17 | Crear | Villager (Male) |
| 30:26 | Investigar | Fletching |
| 31:01 | Crear | Villager (Male) |
| 31:01 | Crear | Villager (Male) |
| 31:02 | Crear | Villager (Male) |
| 31:02 | Crear | Villager (Male) |
| 31:02 | Crear | Villager (Male) |
| 31:02 | Crear | Villager (Male) |
Build order — DESTROSEITOR
Primeras 150 de 469 acciones detectadas
| 0:02 | Crear | Villager (Male) |
| 0:03 | Crear | Villager (Male) |
| 0:03 | Crear | Villager (Male) |
| 0:03 | Crear | Villager (Male) |
| 0:04 | Crear | Villager (Male) |
| 0:06 | Construir | House |
| 0:08 | Construir | House |
| 1:50 | Crear | Villager (Male) |
| 2:12 | Construir | Mill |
| 2:28 | Crear | Villager (Male) |
| 2:28 | Crear | Villager (Male) |
| 2:28 | Crear | Villager (Male) |
| 2:29 | Crear | Villager (Male) |
| 2:29 | Crear | Villager (Male) |
| 3:00 | Crear | Villager (Male) |
| 3:01 | Crear | Villager (Male) |
| 3:01 | Crear | Villager (Male) |
| 3:14 | Crear | Villager (Male) |
| 3:15 | Crear | Villager (Male) |
| 3:15 | Crear | Villager (Male) |
| 3:44 | Construir | House |
| 3:49 | Crear | Villager (Male) |
| 3:50 | Crear | Villager (Male) |
| 3:50 | Crear | Villager (Male) |
| 3:50 | Crear | Villager (Male) |
| 4:08 | Crear | Villager (Male) |
| 4:08 | Crear | Villager (Male) |
| 4:24 | Construir | House |
| 4:34 | Crear | Villager (Male) |
| 4:34 | Crear | Villager (Male) |
| 4:34 | Crear | Villager (Male) |
| 4:52 | Crear | Villager (Male) |
| 4:53 | Crear | Villager (Male) |
| 4:53 | Crear | Villager (Male) |
| 4:53 | Crear | Villager (Male) |
| 6:08 | Crear | Villager (Male) |
| 6:09 | Crear | Villager (Male) |
| 6:09 | Crear | Villager (Male) |
| 6:09 | Crear | Villager (Male) |
| 6:09 | Crear | Villager (Male) |
| 6:52 | Construir | Lumber Camp |
| 6:55 | Crear | Villager (Male) |
| 6:55 | Crear | Villager (Male) |
| 6:55 | Crear | Villager (Male) |
| 6:56 | Crear | Villager (Male) |
| 6:56 | Crear | Villager (Male) |
| 7:09 | Crear | Villager (Male) |
| 7:09 | Crear | Villager (Male) |
| 7:10 | Crear | Villager (Male) |
| 7:10 | Crear | Villager (Male) |
| 7:10 | Crear | Villager (Male) |
| 7:11 | Crear | Villager (Male) |
| 7:58 | Crear | Villager (Male) |
| 7:58 | Crear | Villager (Male) |
| 7:58 | Crear | Villager (Male) |
| 7:59 | Crear | Villager (Male) |
| 7:59 | Crear | Villager (Male) |
| 8:29 | Construir | House |
| 8:55 | Crear | Villager (Male) |
| 8:56 | Crear | Villager (Male) |
| 8:56 | Crear | Villager (Male) |
| 8:56 | Crear | Villager (Male) |
| 8:56 | Crear | Villager (Male) |
| 8:57 | Crear | Villager (Male) |
| 8:58 | Investigar | Loom |
| 9:04 | Construir | House |
| 9:15 | Construir | Farm |
| 9:31 | Construir | Lumber Camp |
| 9:45 | Construir | House |
| 10:12 | Construir | Mill |
| 10:26 | Investigar | Feudal Age |
| 10:28 | Investigar | Loom |
| 10:43 | Construir | House |
| 11:22 | Construir | Mining Camp |
| 11:38 | Construir | House |
| 12:29 | Construir | House |
| 13:23 | Edad | Edad Feudal |
| 13:31 | Construir | Stable |
| 13:48 | Construir | Blacksmith |
| 14:15 | Investigar | Gold Mining |
| 14:18 | Investigar | Double-Bit Axe |
| 14:24 | Investigar | Horse Collar |
| 14:41 | Investigar | Castle Age |
| 15:27 | Construir | Farm |
| 15:33 | Construir | Farm |
| 16:53 | Construir | Market |
| 17:02 | Crear | Villager (Male) |
| 17:02 | Crear | Villager (Male) |
| 17:08 | Crear | Villager (Male) |
| 17:21 | Edad | Edad de los Castillos |
| 17:24 | Construir | Monastery |
| 17:47 | Construir | Town Center |
| 17:55 | Crear | Villager (Male) |
| 17:55 | Crear | Villager (Male) |
| 18:07 | Crear | Monk |
| 18:40 | Construir | Siege Workshop |
| 18:51 | Crear | Trade Cart ×2 |
| 19:02 | Crear | Villager (Male) |
| 19:02 | Crear | Villager (Male) |
| 19:03 | Crear | Villager (Male) |
| 19:07 | Crear | Villager (Male) |
| 19:07 | Crear | Villager (Male) |
| 19:34 | Construir | Mining Camp |
| 20:05 | Construir | Town Center |
| 20:24 | Construir | Market |
| 20:28 | Crear | Villager (Male) |
| 20:29 | Crear | Villager (Male) |
| 20:32 | Investigar | Wheelbarrow |
| 20:34 | Crear | Villager (Male) |
| 22:07 | Construir | Farm |
| 22:09 | Construir | Farm |
| 22:10 | Construir | Farm |
| 22:12 | Construir | Farm |
| 22:14 | Construir | Farm |
| 22:31 | Investigar | Forging |
| 23:37 | Crear | Trade Cart ×5 |
| 23:49 | Investigar | Caravan |
| 23:54 | Crear | Trade Cart ×5 |
| 23:54 | Crear | Trade Cart ×5 |
| 23:54 | Crear | Trade Cart ×5 |
| 23:54 | Crear | Trade Cart ×5 |
| 23:55 | Crear | Trade Cart ×3 |
| 24:06 | Crear | Villager (Male) |
| 24:06 | Crear | Villager (Male) |
| 24:44 | Investigar | Stone Mining |
| 24:51 | Construir | Farm |
| 24:56 | Crear | Villager (Male) |
| 25:18 | Construir | Farm |
| 25:20 | Construir | Farm |
| 25:22 | Construir | Farm |
| 25:25 | Construir | Farm |
| 25:27 | Construir | Farm |
| 25:33 | Construir | Farm |
| 25:38 | Crear | Villager (Male) |
| 25:39 | Crear | Villager (Male) |
| 25:39 | Crear | Villager (Male) |
| 25:50 | Crear | Villager (Male) |
| 26:11 | Construir | Lumber Camp |
| 26:12 | Crear | Villager (Male) |
| 26:13 | Crear | Villager (Male) |
| 27:12 | Construir | Castle |
| 27:17 | Crear | Villager (Male) |
| 27:17 | Crear | Villager (Male) |
| 27:18 | Crear | Villager (Male) |
| 27:18 | Crear | Villager (Male) |
| 27:18 | Crear | Villager (Male) |
| 27:35 | Construir | Town Center |
| 27:59 | Construir | House |
| 28:02 | Construir | House |
| 28:10 | Construir | House |
Cronología de la partida
| 5:49 | Fernando Rueda · wall_segment Palisade Wall x2 |
| 6:00 | Fernando Rueda · wall_segment Palisade Wall x17 |
| 10:07 | gastondalf · first_building Barracks |
| 10:43 | Hazem · age_up feudal |
| 11:46 | gastondalf · age_up feudal |
| 13:23 | DESTROSEITOR · age_up feudal |
| 13:31 | DESTROSEITOR · first_building Stable |
| 13:54 | joelviteladelacruz · age_up feudal |
| 14:06 | Fernando Rueda · first_building Barracks |
| 14:25 | gastondalf · first_building Stable |
| 15:05 | Fernando Rueda · age_up feudal |
| 15:07 | Hazem · first_building Barracks |
| 15:41 | Hazem · first_building Archery Range |
| 16:57 | gastondalf · wall_segment Stone Wall x19 |
| 17:21 | DESTROSEITOR · age_up castle |
| 17:24 | DESTROSEITOR · first_building Monastery |
| 17:55 | YaSh the B3AST · first_building Barracks |
| 18:40 | DESTROSEITOR · first_building Siege Workshop |
| 19:02 | Hazem · age_up castle |
| 19:05 | gastondalf · age_up castle |
| 19:47 | Fernando Rueda · age_up castle |
| 20:19 | YaSh the B3AST · first_building Monastery |
| 22:11 | joelviteladelacruz · first_market_sell 100 food |
| 22:15 | Hazem · first_building Castle |
| 23:17 | gastondalf · first_building Siege Workshop |
| 23:40 | YaSh the B3AST · first_building Castle |
| 24:59 | joelviteladelacruz · age_up castle |
| 25:12 | Hazem · wall_segment Stone Wall x23 |
| 25:46 | joelviteladelacruz · first_building Monastery |
| 26:10 | Hazem · wall_segment Stone Wall x6 |
| 26:57 | Fernando Rueda · first_building Siege Workshop |
| 27:02 | Hazem · wall_segment Stone Wall x3 |
| 27:12 | DESTROSEITOR · first_building Castle |
| 28:57 | Fernando Rueda · first_building Castle |
| 29:00 | DESTROSEITOR · first_market_buy 100 food |
| 29:38 | Hazem · first_building Siege Workshop |
| 30:01 | Hazem · first_market_buy 100 wood |
| 30:33 | gastondalf · first_building Castle |
| 30:41 | Hazem · age_up imperial |
| 30:44 | gastondalf · first_market_sell 100 food |
| 31:03 | joelviteladelacruz · age_up imperial |
| 32:56 | DESTROSEITOR · age_up imperial |
| 34:28 | Hazem · first_market_sell 100 wood |
| 34:49 | Fernando Rueda · age_up imperial |
| 36:33 | gastondalf · age_up imperial |
| 37:29 | joelviteladelacruz · first_building Castle |
| 38:06 | YaSh the B3AST · first_building Siege Workshop |
| 38:47 | joelviteladelacruz · first_building Barracks |
| 40:13 | joelviteladelacruz · first_building Stable |
| 40:55 | DESTROSEITOR · wall_segment Stone Wall x2 |
| 44:45 | joelviteladelacruz · first_building Siege Workshop |
| 47:17 | gastondalf · first_building Archery Range |
| 63:33 | YaSh the B3AST · first_market_buy 100 stone |
| 63:34 | DESTROSEITOR · wall_segment Stone Wall x9 |
| 64:20 | gastondalf · wall_segment Stone Wall x9 |
| 64:49 | gastondalf · wall_segment Stone Wall x11 |
| 65:07 | gastondalf · wall_segment Stone Wall x10 |
| 65:37 | gastondalf · wall_segment Stone Wall x9 |
| 66:35 | gastondalf · wall_segment Stone Wall x10 |
| 66:41 | gastondalf · wall_segment Stone Wall x10 |
| 67:07 | gastondalf · wall_segment Stone Wall x12 |
| 69:28 | DESTROSEITOR · first_building Barracks |
| 75:15 | DESTROSEITOR · wall_segment Stone Wall x12 |
| 77:13 | Fernando Rueda · resign |
[ ANÁLISIS IA · 1 CRÉDITO ]
¿Qué pasó realmente en esta partida?
Wolo.gg analiza cada decisión: build order, eco, micro, errores típicos por bracket. Análisis personalizado por WhatsApp o Discord en 30 segundos.
Guía civ
Mongoles
Guía mapa
Amazon Tunnel
Perfil
gastondalf